 Dungeon Crawl Stone Soup version 0.23.2-40-g277498a001 (webtiles) character file.

Game seed: 10524296591145304238

40411 Emblim88 the Grappler (level 13, -1/131 HPs)
             Began as a Troll Berserker on Oct 18, 2019.
             Was a High Priest of Trog.
             Killed from afar by an oklob plant (12 damage)
             ... with a splash of acid
             ... on level 5 of the Lair of Beasts.
             The game lasted 00:46:13 (15647 turns).

Emblim88 the Grappler (Troll Berserker)            Turns: 15647, Time: 00:46:14

Health: -1/131     AC: -21   Str: 31    XL:     13   Next: 74%
Magic:  15/15      EV: 13    Int: 10    God:    Trog [*****.]
Gold:   427        SH: 19    Dex:  9    Spells: 12/12 levels left

rFire    + . .     SeeInvis .     - Unarmed
rCold    . . .     Gourm    +   S - +0 large shield
rNeg     + + .     Faith    .   J - +0 steam dragon scales
rPois    .         Spirit   .   W - +1 hat
rElec    +         Reflect  .   p - scarf {repulsion}
rCorr    .         Harm     .   (gloves unavailable)
MR       ++...                  (boots unavailable)
Stlth    ++........             G - amulet "Xetic" {Acrobat rF+ Int+3 Slay+3 Stlth+}
HPRegen  1.71/turn              o - ring of the Median {rN++ AC+1}
MPRegen  0.14/turn              Q - ring of the Fool {rElec EV+1 Int+3}

@: about to teleport, corroded, regenerating, repel missiles
A: large, unfitting armour, claws 3, fast metabolism 3, gourmand, regeneration
1, shaggy fur 1, tough skin 3
a: Berserk, Trog's Hand, Brothers in Arms, Renounce Religion


You were on level 5 of the Lair of Beasts.
You worshipped Trog.
Trog was extremely pleased with you.
You were not hungry.

You visited 2 branches of the dungeon, and saw 19 of its levels.

You collected 943 gold pieces.
You spent 516 gold pieces at shops.

Inventory:

Hand Weapons
 O - a +7 longbow of flaming
Missiles
 C - 67 arrows
Armour
 a - a +0 shield
 p - a scarf of repulsion (worn)
 J - +0 steam dragon scales (worn)
 S - a +0 large shield (worn)
 U - +0 steam dragon scales
 W - a +1 hat (worn)
Jewellery
 n - an uncursed amulet of guardian spirit
 o - the ring of the Median (left claw) {rN++ AC+1}
   (You acquired it on level 2 of the Lair of Beasts)

   [ring of protection]

   It affects your AC (+1).
   It greatly protects you from negative energy.
 G - the amulet "Xetic" (around neck) {Acrobat rF+ Int+3 Slay+3 Stlth+}
   (You acquired it on level 2 of the Lair of Beasts)

   [amulet of the acrobat]

   It helps you evade while moving and waiting.
   It affects your intelligence (+3).
   It affects your accuracy and damage with ranged weapons and melee attacks
   (+3).
   It protects you from fire.
   It makes you more stealthy.
 K - a +4 ring of dexterity
 M - an uncursed ring of see invisible
 Q - the ring of the Fool (right claw) {rElec EV+1 Int+3}
   (You acquired it on level 2 of the Lair of Beasts)

   [ring of evasion]

   It affects your evasion (+1).
   It affects your intelligence (+3).
   It insulates you from electricity.
Wands
 r - a wand of random effects (11)
 y - a wand of iceblast (9)
 A - a wand of clouds (6)
 I - a wand of polymorph (12)
 L - a wand of acid (20)
 P - a wand of disintegration (23)
 R - a wand of flame (23)
Scrolls
 e - 8 scrolls of teleportation
 f - 8 scrolls of remove curse
 l - 2 scrolls of fear
 m - a scroll of summoning {unknown}
 u - 4 scrolls of magic mapping
 v - a scroll of enchant weapon
 w - a scroll of enchant armour
 x - a scroll of brand weapon
 z - 3 scrolls of fog
 B - a scroll of silence
 D - 2 scrolls of noise
 H - a scroll of holy word
 T - a scroll of acquirement
 V - 2 scrolls of identify
Potions
 c - 4 potions of mutation {unknown}
 d - 3 potions of flight
 g - 2 potions of haste
 h - 2 potions of curing
 i - a potion of ambrosia
 j - 3 potions of berserk rage {unknown}
 k - 5 potions of agility {unknown}
 q - 5 potions of lignification {unknown}
 s - 4 potions of brilliance
 t - 2 potions of magic
 E - a potion of degeneration {unknown}
 F - 2 potions of cancellation {unknown}
Comestibles
 b - 18 rations


   Skills:
 - Level 9.5 Fighting
 - Level 2.0 Bows
 - Level 9.5 Dodging
 + Level 9.9 Shields
 - Level 13.0 Unarmed Combat
 - Level 4.6 Evocations


You had 12 spell levels left.
You didn't know any spells.
Your spell library was empty.

Dungeon Overview and Level Annotations

Branches:
Dungeon (14/15)            Temple (0/1) D:4            Lair (5/6) D:9
  Swamp (0/4) Lair:4       Spider (0/4) Lair:4        Slime (0/5) Lair:5
    Orc (0/2) D:9          Vaults (0/5) D:13

Altars:
Cheibriados
Elyvilon
Fedhas
Okawaru
Qazlal
Ru
Sif Muna
Vehumet
Wu Jian
Xom
Yredelemnul

Shops:
D:5 ![   D:13 *

Annotations:
D:6 2 transporters, kalagan's ghost, novice GrEE
Lair:5 1 runed translucent door, exclusion: 6 oklob plants, Arrisch's ghost, journeyman DsAK


Innate Abilities, Weirdness & Mutations

You are too large for most types of armour.
You have claws for hands.
Your metabolism is lightning-fast.
You like to eat raw meat.
Your natural rate of healing is unusually fast.
You are covered in fur. (AC +1)
You have extremely tough skin. (AC +3)


Message History

The oklob plant spits acid at you. You block the splash of acid.
You feel better.
You feel better. The oklob plant spits acid at you.
You block the splash of acid.
You feel better.
Your skin crawls.
You feel resistant to hostile enchantments.
You feel somewhat more hungry. The oklob plant spits acid at you.
The splash of acid hits you!
* * * LOW HITPOINT WARNING * * *
The acid corrodes you!
You are splashed with acid!
* * * LOW HITPOINT WARNING * * *
As you read the scroll of teleportation, it crumbles to dust.
You feel strangely unstable. The oklob plant spits acid at you.
The splash of acid hits you!
You die...

#### .#.#####
.##....## ........#
#.#....## .#..##..#
#####..## #### .#
##..###P.####### ##
#P.##.......@..# ..#
#...##......$..# ..#
#PP.......=...$# ..#
##.PP....P[).P.# ..#
#.....#..PP$$..#
........####.#######
......(## #.#
...P.... #.. ...[..
#.#


You could see 2 oklob plants.

Vanquished Creatures
  Gastronok (Lair:2)
  Snorg (D:13)
  Erolcha (D:9)
  2 catoblepae
  5 hydras
  A two-headed ogre (D:10)
  2 dancing weapons (D:13)
  3 death yaks (D:9)
  An unseen horror (D:12)
  A lindwurm (Lair:3)
  A deep elf mage (D:12)
  2 ugly things
  A manticore (D:11)
  2 cyclopes
  2 oklob plants (Lair:5)
  3 black mambas
  5 spiny frogs
  A gargoyle (D:10)
  4 komodo dragons
  A troll (shapeshifter) (D:11)
  3 trolls
  4 dream sheep (Lair:4)
  18 blink frogs
  9 hippogriffs
  2 basilisks
  3 wyverns
  A spriggan (D:9)
  23 yaks
  A hungry ghost (D:11)
  3 steam dragons
  A warg (D:9)
  A swamp worm (Lair:4)
  6 water moccasins
  8 porcupines
  7 orc warriors
  2 ice beasts
  5 necrophages (Lair:3)
  2 black bears
  An eye of draining (D:11)
  2 sky beasts
  8 ogres
  5 phantoms
  6 centaurs
  7 crocodiles
  3 big kobolds
  14 bullfrogs
  A gnoll sergeant (D:12)
  4 scorpions
  7 killer bees (D:13)
  3 wights (D:6)
  4 howler monkeys
  2 electric eels (Lair:1)
  3 crimson imps
  2 bullfrog zombies
  7 centaur zombies
  2 quasits
  2 bullfrog skeletons
  2 hounds
  3 jellies
  8 orc priests
  5 orc wizards
  A centaur skeleton (D:4)
  3 iguanas
  9 worker ants
  A hound zombie (D:9)
  A hound skeleton (D:10)
  A howler monkey zombie (D:11)
  12 adders
  10 gnolls
  7 shadow imps
  An adder skeleton (D:9)
  3 worms
  3 dart slugs
  10 leopard geckos
  43 orcs
  3 ball pythons (D:3)
  8 giant cockroaches
  4 goblins
  4 hobgoblins
  11 jackals
  22 kobolds
  5 quokkas
  A ball python skeleton (D:4)
  2 bats
  4 frilled lizards
  2 quokka skeletons
  2 quokka zombies (D:8)
  7 rats
  3 plants (Lair:5)
423 creatures vanquished.

Vanquished Creatures (others)
  2 fungi
  14 plants
16 creatures vanquished.

Grand Total: 439 creatures vanquished

Notes
Turn   | Place    | Note
-------+----------+-------------------------------------------
     0 | D:1      | Emblim88 the Troll Berserker began the quest for the Orb.
     0 | D:1      | Reached XP level 1. HP: 22/22 MP: 0/0
   373 | D:1      | Reached XP level 2. HP: 29/29 MP: 1/1
   741 | D:2      | Reached XP level 3. HP: 19/36 MP: 2/2
   811 | D:2      | Reached XP level 4. HP: 45/45 MP: 3/3
   844 | D:2      | Reached ** piety under Trog
  1136 | D:2      | Found a deep blue altar of Sif Muna.
  1356 | D:3      | Reached skill level 4 in Unarmed Combat
  1509 | D:3      | Noticed an orc warrior
  1517 | D:3      | HP: 1/67 [orc warrior/+0 hand axe (9)]
  1518 | D:3      | Killed an orc warrior
  1518 | D:3      | Reached XP level 5. HP: 1/53 MP: 4/4
  1527 | D:3      | HP: 3/81 [orc wizard/+0 dagger (1)]
  1529 | D:3      | Reached XP level 6. HP: 4/62 MP: 5/5
  1531 | D:3      | Found a radiant altar of Vehumet.
  1706 | D:3      | Reached *** piety under Trog
  1795 | D:3      | Found a blossoming altar of Fedhas.
  2176 | D:4      | Reached skill level 5 in Unarmed Combat
  2231 | D:4      | Found a staircase to the Ecumenical Temple.
  2506 | D:4      | Reached XP level 7. HP: 71/71 MP: 6/6
  2739 | D:4      | Found a snail-covered altar of Cheibriados.
  2978 | D:5      | Entered Level 5 of the Dungeon
  3035 | D:5      | Found an iron altar of Okawaru.
  3211 | D:5      | Found Tagistaphi's Distillery.
  3273 | D:5      | Bought a potion of curing for 36 gold pieces
  3273 | D:5      | Bought a potion of heal wounds for 60 gold pieces
  3323 | D:5      | Reached skill level 5 in Fighting
  3323 | D:5      | Reached skill level 5 in Dodging
  3323 | D:5      | Reached skill level 6 in Unarmed Combat
  3424 | D:5      | Found Jiekhlaoll's Antique Armour Emporium.
  3730 | D:6      | Noticed a queen bee
  3758 | D:6      | Reached **** piety under Trog
  3758 | D:6      | Reached XP level 8. HP: 80/80 MP: 7/7
  3944 | D:6      | Noticed kalagan's ghost (novice GrEE)
  3970 | D:6      | Found a stormy altar of Qazlal.
  3973 | D:6      | Noticed an air elemental
  4037 | D:6      | Found a transporter.
  4109 | D:6      | Found a sacrificial altar of Ru.
  4185 | D:6      | Noticed a hornet
  4313 | D:6      | Found a transporter.
  4404 | D:7      | Noticed a hippogriff
  4416 | D:7      | Killed a hippogriff
  4416 | D:7      | Reached skill level 7 in Unarmed Combat
  4503 | D:7      | Reached XP level 9. HP: 70/89 MP: 8/8
  4967 | D:7      | Found a basalt altar of Yredelemnul.
  5029 | D:7      | Reached skill level 8 in Unarmed Combat
  5134 | D:7      | Found a white marble altar of Elyvilon.
  5252 | D:8      | Received a gift from Trog
  5317 | D:8      | Reached ***** piety under Trog
  5521 | D:8      | Found an ornate altar of the Wu Jian Council.
  6178 | D:9      | Reached skill level 9 in Unarmed Combat
  6187 | D:9      | Noticed a death yak
  6187 | D:9      | Noticed a death yak
  6189 | D:9      | Noticed a death yak
  6191 | D:9      | Found a staircase to the Lair.
  6195 | D:9      | HP: 2/93 [centaur zombie (3)]
  6197 | D:9      | Found a staircase to the Orcish Mines.
  6341 | D:9      | Reached XP level 10. HP: 102/102 MP: 6/9
  6350 | D:9      | Killed a death yak
  6350 | D:9      | Received a gift from Trog
  6359 | D:9      | Killed a death yak
  6359 | D:9      | Reached skill level 10 in Unarmed Combat
  6361 | D:9      | Got a fabulously ornate robe
  6371 | D:9      | Killed a death yak
  6541 | D:9      | Identified the +1 robe "Engastrama" {rC+ Int+3} (You found
                  | it on level 9 of the Dungeon)
  6795 | D:9      | Noticed Erolcha
  6803 | D:9      | Killed Erolcha
  6803 | D:9      | Reached skill level 1 in Shields
  7059 | D:10     | Entered Level 10 of the Dungeon
  7077 | D:10     | Reached skill level 1 in Evocations
  7176 | D:10     | Noticed a gargoyle
  7181 | D:10     | Killed a gargoyle
  7345 | D:10     | Noticed a two-headed ogre
  7353 | D:10     | Killed a two-headed ogre
  7353 | D:10     | Reached XP level 11. HP: 111/111 MP: 9/11
  7759 | D:11     | Reached skill level 11 in Unarmed Combat
  7899 | D:11     | Noticed a five-headed hydra
  7907 | D:11     | Killed a ten-headed hydra
  8807 | D:12     | Noticed a cyan ugly thing
  8808 | D:12     | Noticed a deep elf mage
  8826 | D:11     | Killed a cyan ugly thing
  8923 | D:12     | Killed a deep elf mage
  9289 | D:12     | Received a gift from Trog
  9339 | D:12     | Reached skill level 5 in Shields
  9515 | D:12     | Noticed an unseen horror
  9520 | D:12     | Killed an unseen horror
  9584 | D:12     | Reached XP level 12. HP: 98/122 MP: 9/13
  9737 | D:13     | Found a gate to the Vaults.
  9768 | D:13     | Noticed a catoblepas
  9778 | D:13     | Killed a catoblepas
 10095 | D:13     | Noticed a four-headed hydra
 10103 | D:13     | Killed an 11-headed hydra
 10255 | D:13     | Noticed a five-headed hydra
 10268 | D:13     | Killed an 11-headed hydra
 10281 | D:13     | HP: 6/122 [wyvern (10)]
 10663 | D:13     | Found Esazot's General Store.
 10672 | D:13     | Bought the cursed +3 shortbow of Wyrd {velocity, Stlth+}
                  | for 420 gold pieces
 10696 | D:13     | Noticed Snorg
 10710 | D:13     | Killed Snorg
 11011 | Lair:1   | Entered Level 1 of the Lair of Beasts
 11176 | Lair:1   | Reached skill level 1 in Bows
 12252 | Lair:2   | Identified 3 scrolls of acquirement
 12253 | Lair:2   | Got a warped iron ring
 12255 | Lair:2   | Identified the ring of the Median {rN++ AC+1} (You acquired
                  | it on level 2 of the Lair of Beasts)
 12257 | Lair:2   | Got a coiled ivory amulet
 12259 | Lair:2   | Identified the amulet "Xetic" {Acrobat rF+ Int+3 Slay+3
                  | Stlth+} (You acquired it on level 2 of the Lair of Beasts)
 12261 | Lair:2   | Got a crude jade ring
 12263 | Lair:2   | Identified the ring of the Fool {rElec EV+1 Int+3} (You
                  | acquired it on level 2 of the Lair of Beasts)
 12308 | Lair:2   | Reached ****** piety under Trog
 12436 | Lair:2   | Received a gift from Trog
 12436 | Lair:2   | Reached skill level 12 in Unarmed Combat
 12493 | Lair:2   | Noticed Gastronok
 12517 | Lair:2   | Killed Gastronok
 12517 | Lair:2   | Reached XP level 13. HP: 119/131 MP: 14/14
 14122 | Lair:4   | Found a staircase to the Swamp.
 14573 | Lair:4   | Found a hole to the Spider Nest.
 15142 | Lair:5   | Reached skill level 13 in Unarmed Combat
 15361 | Lair:5   | Found a runed translucent door.
 15361 | Lair:5   | Found a shimmering altar of Xom.
 15361 | Lair:5   | Noticed Arrisch's ghost (journeyman DsAK)
 15365 | Lair:5   | Found a staircase to the Slime Pits.
 15641 | Lair:5   | HP: 4/131 [acid (7)]
 15647 | Lair:5   | Killed from afar by an oklob plant

Skill      XL: |  1  2  3  4  5  6  7  8  9 10 11 12 13 |
---------------+----------------------------------------+-----
Fighting       | 3 4 5 6 7 8 9 |  9.5
Dodging        | 3 4 5 6 7 8 9 |  9.5
Unarmed Combat | 4 5 6 7 9 10 11 12 13 | 13.0
Shields        | 2 6 9 |  9.9
Evocations     | 1 2 3 4 |  4.6
Bows           | 2 |  2.0

Action                   |  1- 3 |  4- 6 |  7- 9 | 10-12 | 13-15 || total
-------------------------+-------+-------+-------+-------+-------++-------
Melee: Unarmed           |    75 |   172 |   286 |   565 |   233 ||  1331
       Punch             |       |     3 |     8 |    11 |       ||    22
 Fire: Shortbow          |       |       |       |    31 |       ||    31
Throw: Throwing net      |       |       |       |     1 |       ||     1
Invok: Berserk           |     1 |     1 |     6 |    16 |     7 ||    31
       Trog's Hand       |       |       |       |       |     1 ||     1
Evoke: Wand              |       |       |     1 |       |     2 ||     3
  Use: Scroll            |       |       |    14 |    11 |     2 ||    27
       Potion            |       |       |     2 |     2 |     9 ||    13
 Stab: Sleeping          |     1 |       |     1 |     2 |     5 ||     9
  Eat: Chunk             |    14 |    15 |    24 |    68 |    29 ||   150
       Ration            |       |       |     4 |     3 |     1 ||     8
Armor: Animal skin       |    26 |    52 |    75 |     3 |       ||   156
       Robe              |       |       |       |    28 |       ||    28
       Steam dragon scal |       |       |       |    96 |    52 ||   148
Dodge: Dodged            |    41 |    76 |   141 |   277 |   103 ||   638
       Deflected         |       |       |     2 |    13 |     4 ||    19
Block: Shield            |       |       |       |   239 |    96 ||   335
       Large shield      |       |       |       |       |    26 ||    26
